 Dungeon Crawl Stone Soup version 0.31-a0-217-g58bb5d79cf (webtiles) character file.

Game seed: 9284322592399244475

60 qw the Shooter (level 3, -1/29 HPs)
             Began as a Minotaur Hexslinger on July 3, 2023.
             Killed from afar by Sigmund (5 damage)
             ... with a puff of flame
             ... on level 2 of the Dungeon.
             The game lasted 00:00:37 (1193 turns).

qw the Shooter (Minotaur Hexslinger)                Turns: 1193, Time: 00:00:38

Health: -1/29      AC:  7    Str: 12    XL:     3   Next: 82%
Magic:  3/3        EV: 12    Int: 10    God:
Gold:   63         SH:  0    Dex: 14    Spells: 3/4 levels left

rFire   + . .        Y - +1 sling
rCold   + . .        (no shield)
rNeg    . . .        i - +2 robe {rC+ rF+}
rPois   .            (helmet restricted)
rElec   .            f - +2 cloak
rCorr   .            (no gloves)
SInv    .            (no boots)
Will    .....        (no amulet)
Stlth   +            (no ring)
HPRegen 0.24/turn    (no ring)
MPRegen 0.08/turn

%: no passive effects
@: no status effects
A: horns 2, retaliatory headbutt
a: no special abilities


You were on level 2 of the Dungeon.
You visited 1 branch of the dungeon, and saw 3 of its levels.

You collected 63 gold pieces.


Innate Abilities, Weirdness & Mutations

You have a pair of horns on your head.
You reflexively headbutt those who attack you in melee.


   Skills:
 - Level 2.0 Fighting
 + Level 4.4 Ranged Weapons
 - Level 2.1 Dodging
 - Level 1.0 Spellcasting
 - Level 2.0 Hexes


You had 3 spell levels left.
You knew the following spells:

 Your Spells              Type           Power      Damage    Failure   Level
a - Slow                  Hex            16%        N/A       16%         1

Your spell library contained the following spells:

 Spells                   Type           Power      Damage    Failure   Level
 Inner Flame              Hex/Fire       2%         N/A       56%         3
 Portal Projectile        Hex/Tloc       4%         N/A       56%         3
 Cause Fear               Hex            2%         N/A       83%         4

Inventory:

Hand Weapons
 Y - a +1 sling (weapon)
Armour
 f - a +2 cloak (worn)
 i - a +2 robe of resistance (worn)
Scrolls
 a - a scroll of vulnerability {unknown}
Potions
 k - a potion of lignification {unknown}

Dungeon Overview and Level Annotations

Branches:
Dungeon (3/15)

Altars:

Shops:
D:1 (

Annotations:
D:2 Sigmund


Message History

You shoot a sling bullet. The sling bullet hits Sigmund.
Sigmund is moderately wounded.
Sigmund barely misses you. The ball python closely misses you.
The ball python grabs you. The ball python constricts you.
You shoot a sling bullet. The sling bullet hits the ball python.
You kill the ball python!
Sigmund hits you from afar with a +2 scythe of freezing.
Sigmund freezes you.
You shoot a sling bullet.
The sling bullet closely misses Sigmund.
Sigmund points at you and mumbles some strange words.
You are confused.
Sigmund closely misses you. Sigmund closely misses you.
Sigmund hits you from afar with a +2 scythe of freezing!
Sigmund freezes you.
You feel less confused.
You shoot a sling bullet. The sling bullet hits Sigmund.
Sigmund is moderately wounded.
Sigmund barely misses you.
You shoot a sling bullet. The sling bullet hits Sigmund.
Sigmund is heavily wounded.
Sigmund closely misses you.
You shoot a sling bullet.
The sling bullet closely misses Sigmund.
Sigmund hits you from afar with a +2 scythe of freezing.
Sigmund freezes you.
You shoot a sling bullet. The sling bullet barely misses Sigmund.
Sigmund barely misses you.
You shoot a sling bullet.
The sling bullet closely misses Sigmund.
You shoot a sling bullet.
The sling bullet completely misses Sigmund.
Sigmund laughs darkly.
Sigmund hits you from afar with a +2 scythe of freezing.
You shoot a sling bullet.
The sling bullet closely misses Sigmund.
Sigmund points at you and mumbles some strange words.
The puff of flame hits you. You resist.
You die...

#...?.# ####%%.......
#.....# #..(......
#......# #..%......
##.###### #......... ...
#......... ....
#......... .....
#.........
......#########.........
.....@%@...............#
......#######...........
..... #..#......### ....
#.##......# .## ...
#.....#### #...
#.....##.. #...
..........
...........##.. ........


You could see Sigmund.

Vanquished Creatures
  A worm (D:2)
  3 dart slugs
  3 ball pythons
  6 endoplasms
  4 giant cockroaches
  5 goblins (D:1)
  2 hobgoblins (D:1)
  4 jackals (D:2)
  A kobold (D:1)
  3 quokkas
  3 bats (D:1)
  6 frilled lizards
  4 rats
45 creatures vanquished.

Notes
Turn   | Place    | Note
-------+----------+-------------------------------------------
     0 | D:1      | qw the Minotaur Hexslinger began the quest for the Orb.
     0 | D:1      | Reached XP level 1. HP: 16/16 MP: 1/1
     0 | D:1      | 0 ||| qw: Version: 0.3-a-40-ge99b1a8
     0 | D:1      | 0 ||| qw: Game counter: 281
     0 | D:1      | 0 ||| qw: Melee chars always use a shield: true
     0 | D:1      | 0 ||| qw: God list: Okawaru
     0 | D:1      | 0 ||| qw: Allow faded altars: false
     0 | D:1      | 0 ||| qw: Do Orc after clearing Dungeon:15 true
     0 | D:1      | 0 ||| qw: Do second Lair branch before Depths: true
     0 | D:1      | 0 ||| qw: Lair rune preference: random
     0 | D:1      | 0 ||| qw: Goals: Normal
     0 | D:1      | 0 ||| PLANNING D:1-11
   134 | D:1      | Reached skill level 3 in Ranged Weapons
   145 | D:1      | Reached XP level 2. HP: 23/23 MP: 2/2
   352 | D:1      | Reached XP level 3. HP: 24/29 MP: 3/3
   549 | D:1      | Found Lyunt's Antique Weapon Shop.
   800 | D:1      | 800 ||| UPGRADING to +0 cloak.
   805 | D:1      | 805 ||| UPGRADING to +2 cloak.
   815 | D:1      | 815 ||| DROPPING +0 cloak.
   816 | D:1      | 816 ||| UPGRADING to +0 leather armour.
   826 | D:1      | 826 ||| DROPPING +0 robe.
   827 | D:1      | 827 ||| UPGRADING to +2 robe of resistance.
   837 | D:1      | 837 ||| DROPPING +0 leather armour.
   838 | D:1      | 838 ||| DROPPING ring of flight.
   839 | D:1      | 839 ||| READING 3 scrolls labelled ZAPAHET ATHE.
   840 | D:1      | 840 ||| READING scroll labelled NOMMOO RACIAMN.
   841 | D:1      | 841 ||| DROPPING 2 scrolls of immolation.
   842 | D:1      | 842 ||| DROPPING scroll of poison.
   926 | D:2      | Reached skill level 4 in Ranged Weapons
   939 | D:2      | You fall into a shaft and drop 1 floor!
  1072 | D:3      | 1072 ||| READING scroll labelled ZEUQOKH FEOSKI.
  1171 | D:2      | Noticed Sigmund
  1185 | D:2      | HP: 7/29 [Sigmund/+2 scythe of freezing (2)]
  1192 | D:2      | HP: 4/29 [Sigmund/+2 scythe of freezing (1)]
  1193 | D:2      | Killed from afar by Sigmund

Levels and vault maps discovered:
D:1:      nzn_arrival_crosshair, layout_loops_ring, serial_shops,
          nicolae_lakefront_shop
D:2:      layout_rooms, uniq_jessica, uniq_sigmund
D:3:      layout_loops_ring, kennysheep_generic_room_6

Skill      XL: |  1  2  3 |
---------------+----------+-----
Ranged Weapons | 3 4 |  4.4
Fighting       | 2 |  2.0
Dodging        | |  2.1
Spellcasting   | |  1.0
Hexes          | |  2.0

Action                     || total
---------------------------++-------
   Fire: Sling             ||   168
    Use: Scroll            ||     3
 Armour: Robe              ||    15
  Dodge: Dodged            ||    45

Table legend:
 A = Non-vault XP
 B = Vault XP
 C = Vault XP percentage of total XP
 D = Non-vault monster count
 E = Vault monster count
 F = Vault count percentage of total count
                 A         B        C        D         E       F
            +---------+---------+-------+---------+---------+-------
      Total |      87 |       0 |   0.0 |      45 |       0 |   0.0
            +---------+---------+-------+---------+---------+-------
        D:1 |      47 |       0 |   0.0 |      26 |       0 |   0.0
        D:2 |      34 |       0 |   0.0 |      17 |       0 |   0.0
        D:3 |       6 |       0 |   0.0 |       2 |       0 |   0.0
            +---------+---------+-------+---------+---------+-------
